 Dungeon Crawl Stone Soup version 0.21-a0-584-g185da8e (webtiles) character file.

15098 Amnesiac the Destroyer (level 11, -2/63 HPs)
             Began as a Deep Elf Ice Elementalist on Dec 21, 2017.
             Was a High Priest of Sif Muna.
             Slain by Snorg (27 damage)
             ... on level 12 of the Dungeon.
             The game lasted 00:28:34 (13629 turns).

Amnesiac the Destroyer (Deep Elf Ice Elementalist) Turns: 13629, Time: 00:28:35

Health: -2/63      AC:  6    Str:  9    XL:     11   Next: 97%
Magic:  2/28       EV: 14    Int: 24    God:    Sif Muna [*****.]
Gold:   338        SH:  0    Dex: 10    Spells: 0/32 levels left

rFire    . . .     SeeInvis +   K - staff of poison
rCold    + . .     Gourm    .   (no shield)
rNeg     + . .     Faith    .   H - +1 robe {rC+}
rPois    +         Spirit   .   E - +2 hat {MR+}
rElec    .         Reflect  .   z - scarf {repulsion}
rCorr    .         Harm     .   j - +0 pair of gloves
MR       ++...                  (no boots)
Stlth    ++........             I - amulet of Disaster {+Rage Str+4 Dex-5 SInv}
HPRegen  0.20/turn              v - ring of positive energy
MPRegen  0.21/turn              (no ring)

@: about to teleport, no casting, repel missiles
A: no striking features
a: Stop Divine Energy, Channel Magic, Forget Spell, Renounce Religion, Evoke
Berserk Rage


You were on level 12 of the Dungeon.
You worshipped Sif Muna.
Sif Muna was extremely pleased with you.
You were hungry.

You visited 1 branch of the dungeon, and saw 12 of its levels.

You collected 837 gold pieces.
You spent 499 gold pieces at shops.

Inventory:

Hand Weapons
 h - a +1 dagger of venom
Missiles
 k - 327 stones (quivered)
 m - 5 needles of paralysis
 q - 27 poisoned needles
 u - 3 needles of sleeping
Armour
 j - a +0 pair of gloves (worn)
 z - a scarf of repulsion (worn)
 E - a +2 hat of magic resistance (worn)
 H - a +1 robe of cold resistance (worn)
Magical Staves
 K - an uncursed staff of poison (weapon)
Jewellery
 n - an uncursed ring of fire
 v - a ring of positive energy (left hand)
 I - the amulet of Disaster (around neck) {+Rage Str+4 Dex-5 SInv}
   (You bought it in a shop on level 9 of the Dungeon)

   [amulet of rage]

   It affects your strength (+4).
   It affects your dexterity (-5).
   It lets you see invisible.
   It lets you go berserk.
Wands
 e - a wand of polymorph (28)
 x - a wand of digging (14)
Scrolls
 a - 2 scrolls of identify {!r}
 d - 7 scrolls of remove curse {!r}
 f - a scroll of enchant armour {!r}
 g - a scroll of magic mapping {!r}
 i - 6 scrolls of teleportation {!r}
 s - 4 scrolls of amnesia {!r}
Potions
 l - 2 potions of might {!q}
 o - a potion of mutation {!q}
 r - 2 potions of resistance {!q}
 w - 2 potions of agility {!q}
 C - 4 potions of curing {!q}
 F - 2 potions of lignification {!q}
Comestibles
 b - 10 chunks of flesh
 c - 31 rations


   Skills:
 - Level 5.0 Fighting
 - Level 5.1 Dodging
 - Level 2.4 Stealth
 - Level 11.0 Spellcasting
 - Level 13.0 Conjurations
 * Level 12.0 Ice Magic


You couldn't memorise any spells.
You knew the following spells:

 Your Spells              Type           Power        Failure   Level  Hunger
a - Bolt of Cold          Conj/Ice       ######....   4%          6    #####..
b - Ozocubu's Armour      Chrm/Ice       #####...     1%          3    None
c - Summon Ice Beast      Ice/Summ       #####...     4%          4    None
d - Throw Icicle          Conj/Ice       ######..     1%          4    None
e - Freeze                Ice            ####         1%          1    None
f - Irradiate             Conj/Tmut      #####.....   9%          5    ####...
g - Ozocubu's Refrigerat  Ice            ######....   4%          6    #####..
r - Regeneration          Chrm/Necr      ##........   14%         3    None


Dungeon Overview and Level Annotations

Branches:
Dungeon (12/15)            Temple (0/1) D:4            Lair (0/6) D:10
    Orc: D:9-12

Altars:
Ashenzari
Dithmenos
Elyvilon
Gozag
Hepliaklqana
Kikubaaqudgha
Makhleb
Okawaru
Qazlal
Ru
Sif Muna
Trog
Vehumet
Xom
Yredelemnul
Zin
The Shining One

Shops:
D:9 *

Annotations:
D:7 exclusion: downstairs
D:12 Snorg


Message History

Sif Muna accepts your kill.
You feel your dexterity returning.
Your Ice Magic skill increases to level 12!
Unknown command.
Items here: ( ) [ † a longbow of flaming; 18 arrows; a centaur barding the centaur corpse of Nessos You butcher the centaur corpse of Nessos.
b - 11 chunks of flesh (gained 6)
Things that are here:
a longbow of flaming; 18 arrows; a centaur barding Eating one of 11 chunks of flesh.
You eat one of the 11 chunks of flesh.
This raw flesh tastes terrible.
Snorg the Insatiable comes into view.
You see here an arrow.
Casting: Bolt of Cold
Confirm with . or Enter, or press ? or * to list all spells.
You can't see any susceptible monsters within range! (Use Z to cast anyway.) Unknown command.
Casting: Bolt of Cold
Confirm with . or Enter, or press ? or * to list all spells.
You can't see any susceptible monsters within range! (Use Z to cast anyway.)
Casting: Bolt of Cold
Confirm with . or Enter, or press ? or * to list all spells.
You can't see any susceptible monsters within range! (Use Z to cast anyway.)
Casting: Bolt of Cold
Confirm with . or Enter, or press ? or * to list all spells.
Aiming: Bolt of Cold
Press: ? - help, Shift-Dir - straight line, f - Snorg
Aim: Snorg The bolt of cold misses Snorg.
Casting: Bolt of Cold
Confirm with . or Enter, or press ? or * to list all spells.
Aiming: Bolt of Cold
Press: ? - help, Shift-Dir - straight line, f/p - Snorg
Aim: Snorg The bolt of cold hits Snorg.
Snorg is moderately wounded.
You are feeling hungry.
Snorg goes berserk!
Casting: Bolt of Cold
Confirm with . or Enter, or press ? or * to list all spells.
Aiming: Bolt of Cold
Press: ? - help, Shift-Dir - straight line, f/p - Snorg
Aim: Snorg (moderately wounded, berserk, fast, unusually strong)
The bolt of cold hits Snorg.
Snorg is heavily wounded.
Sif Muna grants you divine energy.
You briefly lose access to your magic!
Snorg rages.
You are unable to access your magic!
You are unable to access your magic!
Unknown command.
Unknown command.
Unknown command.
Snorg misses you. Snorg claws you! Snorg misses you. Snorg closely misses you.
Snorg barely misses you. Snorg misses you.
Snorg rages.
Snorg closely misses you. x2; Snorg claws you!!
* * * LOW HITPOINT WARNING * * *
Really read
i - 7 scrolls of teleportation {!r}?
As you read the scroll of teleportation {!r}, it crumbles to dust.
You feel strangely unstable. Snorg bites you!!
You die...

#........#.# #.#
#....#..##.#########)#
#..T.......##.....##.#
####...#..........#.##.#
.....<.#...(....#.#.##.#
#####..#...#.##.#.#.##.#
.......#...#.)..#.#....#
######.##..######..)...#
#.[.........T@...####
#.##.#..########## #.
#....... # ##..#####
#..# #..# #..# #..#


You could see Snorg (berserk).

Vanquished Creatures
  Gastronok (D:7)
  Nessos (D:12)
  An unseen horror (D:11)
  4 ugly things (D:11)
  2 cyclopes (D:11)
  A manticore (D:11)
  A troll (D:11)
  2 hippogriffs (D:7)
  A wyvern (D:10)
  3 hogs (D:8)
  Eustachio (D:4)
  5 yaks
  A human (D:8)
  Menkaure (D:7)
  Edmund (D:6)
  An acid dragon (D:11)
  An ice beast (D:10)
  3 sky beasts
  4 orc warriors
  A black bear (D:3)
  An eye of draining (D:8)
  2 necrophages (D:9)
  6 ogres
  9 centaurs
  A big kobold (D:3)
  A crocodile (D:11)
  4 bullfrogs
  A water moccasin zombie (D:7)
  32 killer bees
  4 wights (D:11)
  7 electric eels
  5 crimson imps
  A quasit (D:12)
  9 orc priests
  5 jellies
  8 hounds
  15 orc wizards
  2 bullfrog skeletons (D:9)
  Crazy Yiuf (D:2)
  3 centaur skeletons
  4 iguanas
  Natasha (thrice) (D:4)
  6 worker ants
  A hound zombie (D:8)
  A hound skeleton (D:5)
  A worker ant zombie (D:11)
  Robin (D:1)
  A gnoll (D:1)
  12 adders
  5 shadow imps
  An adder zombie (D:7)
  3 adder skeletons
  7 worms
  A dart slug (D:1)
  9 leopard geckos
  30 orcs
  4 ball pythons
  11 bats
  8 giant cockroaches
  15 goblins
  8 hobgoblins
  9 jackals
  5 quokkas
  5 frilled lizards
  A jackal zombie (D:5)
  7 kobolds
  A quokka zombie (D:9)
  7 rats
320 creatures vanquished.

Vanquished Creatures (collateral kills)
  An ogre (D:3)
  An orc (D:7)
2 creatures vanquished.

Vanquished Creatures (others)
  4 centaurs (D:11)
  A goblin (D:2)
  2 plants (D:10)
7 creatures vanquished.

Grand Total: 329 creatures vanquished

Notes
Turn   | Place    | Note
-------+----------+-------------------------------------------
     0 | D:1      | Amnesiac the Deep Elf Ice Elementalist began the quest for the Orb.
     0 | D:1      | Reached XP level 1. HP: 10/10 MP: 6/6
    38 | D:1      | Reached skill level 1 in Fighting
   161 | D:1      | Reached XP level 2. HP: 14/16 MP: 5/8
   404 | D:1      | Reached XP level 3. HP: 6/22 MP: 4/9
   932 | D:2      | Noticed Robin
  1165 | D:1      | Killed Robin
  1169 | D:1      | Reached XP level 4. HP: 12/27 MP: 0/10
  1511 | D:2      | Learned a level 3 spell: Ozocubu's Armour
  1516 | D:2      | Learned a level 4 spell: Summon Ice Beast
  1558 | D:2      | Found a runed door.
  1720 | D:2      | Found a deep blue altar of Sif Muna.
  1720 | D:2      | Found an ancient bone altar of Kikubaaqudgha.
  1725 | D:2      | Found a glowing golden altar of the Shining One.
  1725 | D:2      | Found a shadowy altar of Dithmenos.
  1730 | D:2      | Became a worshipper of Sif Muna the Loreminder
  1864 | D:2      | Noticed Crazy Yiuf
  1869 | D:2      | Killed Crazy Yiuf
  1869 | D:2      | Reached XP level 5. HP: 12/32 MP: 8/11
  1969 | D:3      | Noticed an ogre
  1989 | D:3      | Killed an ogre
  2098 | D:3      | Reached skill level 5 in Ice Magic
  2098 | D:3      | Reached XP level 6. HP: 24/37 MP: 7/14
  2154 | D:3      | Learned a level 4 spell: Throw Icicle
  2465 | D:3      | Reached skill level 2 in Conjurations
  2964 | D:4      | Reached skill level 3 in Conjurations
  3055 | D:4      | Reached * piety under Sif Muna
  3087 | D:4      | Noticed Natasha
  3094 | D:4      | Killed Natasha
  3107 | D:4      | Noticed Natasha
  3112 | D:4      | Killed Natasha
  3202 | D:4      | Found a stormy altar of Qazlal.
  3209 | D:4      | Found an iron altar of Okawaru.
  3212 | D:4      | Found a hazy altar of Hepliaklqana.
  3302 | D:4      | Noticed Eustachio
  3317 | D:4      | Reached skill level 4 in Conjurations
  3317 | D:4      | Reached XP level 7. HP: 27/41 MP: 10/15
  3324 | D:4      | Killed Eustachio
  3324 | D:4      | Reached skill level 5 in Conjurations
  3402 | D:4      | Found a staircase to the Ecumenical Temple.
  3426 | D:4      | Noticed Natasha
  3431 | D:4      | Killed Natasha
  3594 | D:5      | Entered Level 5 of the Dungeon
  3635 | D:5      | Reached skill level 6 in Conjurations
  3768 | D:5      | Noticed a moth of wrath
  3822 | D:5      | Reached ** piety under Sif Muna
  3886 | D:5      | Found a white marble altar of Elyvilon.
  4229 | D:5      | Found a bloodstained altar of Trog.
  4316 | D:5      | Reached skill level 5 in Spellcasting
  4316 | D:5      | Reached XP level 8. HP: 22/46 MP: 4/17
  4483 | D:6      | Found a basalt altar of Yredelemnul.
  4514 | D:6      | Reached skill level 7 in Conjurations
  4821 | D:6      | Reached skill level 8 in Conjurations
  4860 | D:6      | Reached *** piety under Sif Muna
  5050 | D:6      | Reached skill level 9 in Conjurations
  5377 | D:6      | Reached XP level 9. HP: 33/50 MP: 4/22
  5468 | D:6      | Found a burning altar of Makhleb.
  5468 | D:6      | Found a glowing silver altar of Zin.
  5469 | D:6      | Noticed an angel
  5469 | D:6      | Noticed an Executioner
  5566 | D:6      | Noticed Edmund
  5568 | D:6      | Killed Edmund
  5599 | D:6      | Found an opulent altar of Gozag.
  5746 | D:7      | Reached **** piety under Sif Muna
  6035 | D:7      | Reached skill level 10 in Conjurations
  6159 | D:7      | Found a sacrificial altar of Ru.
  6334 | D:7      | Noticed Menkaure
  6357 | D:8      | Noticed Gastronok
  6775 | D:7      | Killed Menkaure
  6775 | D:7      | Reached skill level 11 in Conjurations
  6825 | D:7      | Reached ***** piety under Sif Muna
  6931 | D:7      | Received a gift from Sif Muna
  6940 | D:7      | Learned a level 6 spell: Bolt of Cold
  7640 | D:7      | Killed Gastronok
  7640 | D:7      | Reached skill level 10 in Spellcasting
  7640 | D:7      | Reached skill level 12 in Conjurations
  7640 | D:7      | Reached XP level 10. HP: 28/56 MP: 0/26
  8224 | D:8      | Found a radiant altar of Vehumet.
  8537 | D:9      | Learned a level 5 spell: Irradiate
  9014 | D:9      | Found Osunein's Assorted Antiques.
  9025 | D:9      | Bought an embroidered robe for 85 gold pieces
  9025 | D:9      | Bought a bound pewter amulet for 115 gold pieces
  9025 | D:9      | Bought a scroll labeled QAOPTO DUAPLE for 23 gold pieces
  9025 | D:9      | Bought a weird smoking staff for 276 gold pieces
  9042 | D:9      | Identified the amulet of Disaster {+Rage Str+4 Dex-5 SInv} (You bought it in a shop on level 9 of the Dungeon)
  9358 | D:9      | Reached skill level 13 in Conjurations
  9426 | D:9      | Found a hazy altar of Hepliaklqana.
  9428 | D:9      | Found an iron altar of Okawaru.
  9428 | D:9      | Found a shimmering altar of Xom.
  9478 | D:9      | Reached XP level 11. HP: 42/62 MP: 0/28
  9599 | D:9      | Found a burning altar of Makhleb.
  9599 | D:9      | Found a glowing golden altar of the Shining One.
  9599 | D:9      | Found a shimmering altar of Xom.
  9716 | D:10     | Entered Level 10 of the Dungeon
 10086 | D:10     | Reached skill level 5 in Dodging
 10138 | D:10     | Reached skill level 5 in Fighting
 10220 | D:10     | Found a staircase to the Lair.
 10247 | D:10     | Identified Othriusi's Catalogue of the Volcanoes and the Entourage (Sif Muna gifted it to you on level 10 of the Dungeon)
 10247 | D:10     | Received a gift from Sif Muna
 10253 | D:10     | Learned a level 3 spell: Regeneration
 10425 | D:10     | Learned a level 6 spell: Ozocubu's Refrigeration
 11658 | D:11     | Noticed a white ugly thing
 11661 | D:11     | Noticed a cyan ugly thing
 11662 | D:11     | Noticed a white ugly thing
 11664 | D:11     | Killed a white ugly thing
 11685 | D:11     | Killed a brown ugly thing
 11705 | D:11     | Killed a red ugly thing
 12197 | D:11     | Found a shattered altar of Ashenzari.
 12198 | D:11     | Noticed an unseen horror
 12202 | D:11     | Killed an unseen horror
 12202 | D:11     | Reached skill level 10 in Ice Magic
 12379 | D:11     | Noticed a brown ugly thing
 12385 | D:11     | HP: 2/63 [frozen (9)]
 12962 | D:11     | Found a shattered altar of Ashenzari.
 13054 | D:11     | Killed a brown ugly thing
 13601 | D:12     | Noticed Nessos
 13609 | D:12     | Killed Nessos
 13616 | D:12     | Noticed Snorg
 13629 | D:12     | Slain by Snorg

Vault maps used:
D:1:      eino_arrival_water_star, serial_forest, infiniplex_forest_lined_3,
          infiniplex_forest_lined_1, infiniplex_forest_lined_corner,
          infiniplex_forest_fountain, infiniplex_forest_end_1,
          infiniplex_forest_zigzag_1, infiniplex_forest_end_2,
          infiniplex_forest_lined_ring
D:2:      grunt_temple_overflow_open, minmay_box_of_dots, uniq_robin,
          uniq_crazy_yiuf_cottage
D:3:      kennysheep_crisscross
D:4:      minitemple, minmay_temple_entry_poolview, first_ration,
          hangedman_decor_push, uniq_natasha, uniq_eustachio
D:5:      minmay_diamond_boxcup, kennysheep_mini_moat, tgw_trog
D:6:      grunt_temple_overflow_order_and_chaos_2, grunt_gozag_statues,
          lemuel_crystal_altar, water_boxes_lemuel, uniq_edmund
D:7:      nicolae_ru_great_annihilating_truth, uniq_menkaure
D:8:      nicolae_overflow_crystal_walls, grunt_livestock, uniq_gastronok
D:9:      doesnt_xom_only_xom, serial_shops, shop
D:10:     lair_entry_dummy, chequers_big_river
D:11:     grunt_ministairs_3, hangedman_abyss_or_decor_passed, ashenzari_altar_1
D:12:     orc_0_dummy, elyvilon_altar_3, uniq_nessos, uniq_snorg

Skill      XL: |  1  2  3  4  5  6  7  8  9 10 11 |
---------------+----------------------------------+-----
Fighting       | 1 2 3 4 5 |  5.0
Dodging        | 3 4 5 |  5.1
Ice Magic      | 4 5 6 12 | 12.0
Spellcasting   | 4 5 7 10 11 | 11.0
Conjurations   | 4 6 9 12 13 | 13.0
Stealth        | |  2.4

Action                   |  1- 3 |  4- 6 |  7- 9 | 10-12 || total
-------------------------+-------+-------+-------+-------++-------
Melee: Unarmed           |    12 |       |       |       ||    12
       Dagger            |    19 |    23 |    61 |     4 ||   107
       Staff             |       |       |       |     8 ||     8
Throw: Stone             |       |     5 |     2 |       ||     7
 Cast: Freeze            |    56 |    92 |    88 |    14 ||   250
       Summon Ice Beast  |       |     1 |     4 |       ||     5
       Throw Icicle      |       |     2 |   117 |   179 ||   298
       Bolt of Cold      |       |       |     8 |    28 ||    36
       Ozocubu's Refrige |       |       |       |     6 ||     6
       Regeneration      |       |       |       |     1 ||     1
Invok: Divine Energy     |       |     1 |       |       ||     1
  Use: Scroll            |       |       |    15 |    11 ||    26
       Potion            |       |       |     1 |     6 ||     7
 Stab: Sleeping          |       |     3 |     1 |       ||     4
       Distracted        |       |       |     1 |       ||     1
  Eat: Chunk             |     1 |     7 |    16 |    24 ||    48
       Ration            |       |       |     3 |     1 ||     4
Armor: Robe              |    24 |    30 |    34 |    38 ||   126
       Skin              |       |       |       |    29 ||    29
Dodge: Dodged            |    75 |    70 |   121 |   124 ||   390
       Deflected         |       |       |       |     4 ||     4

Table legend:
 A = Spawn XP
 B = Non-spawn XP
 C = Spawn XP percentage of total XP
 D = Spawn monster count
 E = Non-spawn monster count
 F = Spawn count percentage of total count
 G = Total turns spent on level
                    A         B        C        D         E        F      G
               +---------+---------+-------+---------+---------+-------+---------
         Total |       0 |   21569 |   0.0 |       0 |     326 |   0.0 | 13629
               +---------+---------+-------+---------+---------+-------+---------
           D:1 |       0 |      97 |   0.0 |       0 |      41 |   0.0 |  1317
           D:2 |       0 |     116 |   0.0 |       0 |      17 |   0.0 |   587
           D:3 |       0 |     418 |   0.0 |       0 |      23 |   0.0 |   939
           D:4 |       0 |     404 |   0.0 |       0 |      14 |   0.0 |   751
           D:5 |       0 |     464 |   0.0 |       0 |      28 |   0.0 |   848
           D:6 |       0 |    1572 |   0.0 |       0 |      32 |   0.0 |  1274
           D:7 |       0 |    4028 |   0.0 |       0 |      38 |   0.0 |  1961
           D:8 |       0 |    1958 |   0.0 |       0 |      21 |   0.0 |   851
           D:9 |       0 |    1916 |   0.0 |       0 |      21 |   0.0 |  1188
          D:10 |       0 |    2293 |   0.0 |       0 |      34 |   0.0 |  1399
          D:11 |       0 |    6692 |   0.0 |       0 |      47 |   0.0 |  2254
          D:12 |       0 |    1611 |   0.0 |       0 |      10 |   0.0 |   260
               +---------+---------+-------+---------+---------+-------+---------
